 Dungeon Crawl Stone Soup version 0.22-a0-833-g8522bf8125 (console) character file.

1147 Lexodia the Ruffian (level 8, -9/76 (78) HPs)
             Began as a Troll Fighter on July 25, 2018.
             Was a Follower of Wu Jian.
             Killed by divine providence
             ... invoked by an orc priest
              (15 damage)
             ... on level 4 of the Dungeon.
             The game lasted 00:10:23 (3297 turns).

Lexodia the Ruffian (Troll Fighter)                 Turns: 3297, Time: 00:10:24

HP:   -9/76 (78)    AC:  5    Str: 27    XL:     8   Next: 15%
MP:   7/7           EV: 10    Int:  4    God:    Wu Jian [*.....]
Gold: 245           SH: 13    Dex:  9    Spells: 7/7 levels left

rFire    . . .     SeeInvis .     - Unarmed
rCold    . . .     Gourm    +   b - +3 shield
rNeg     . . .     Faith    .   a - +0 robe
rPois    .         Spirit   .   (helmet restricted)
rElec    .         Reflect  .   (no cloak)
rCorr    .         Harm     .   (gloves unavailable)
MR       .....                  (boots unavailable)
Stlth    +.........             (no amulet)
HPRegen  0.62/turn              (no ring)
MPRegen  0.10/turn              (no ring)

@: lethally poisoned (-9 -> -14), slowed, very slow
A: large, unfitting armour, claws 3, fast metabolism 3, gourmand, regeneration
1, shaggy fur 1, tough skin 2
a: Renounce Religion


You were on level 4 of the Dungeon.
You worshipped Wu Jian.
Wu Jian was aware of your devotion.
You were very full.

You visited 1 branch of the dungeon, and saw 7 of its levels.

You collected 245 gold pieces.

Inventory:

Armour
 a - a +0 robe (worn)
 b - a +3 shield (worn)
Wands
 k - a wand of paralysis (16)
 q - a wand of acid (13)
Scrolls
 f - 5 scrolls of remove curse
 h - 2 scrolls of immolation
 l - a scroll of fear
 m - 5 scrolls of identify
 p - 2 scrolls of teleportation
 t - a scroll of blinking {unknown}
 u - a scroll of amnesia {unknown}
 w - a scroll of random uselessness {unknown}
Potions
 c - a potion of might
 e - a potion of brilliance {unknown}
 g - a potion of flight {unknown}
 i - a potion of degeneration {unknown}
 j - a potion of curing {unknown}
 n - a potion of invisibility {unknown}
 o - 3 potions of haste
 r - a potion of heal wounds {unknown}
 s - 2 potions of resistance {unknown}
Comestibles
 d - 5 rations


   Skills:
 + Level 4.0 Fighting
 + Level 4.0 Dodging
 * Level 5.3 Shields
 * Level 5.8 Unarmed Combat


You had 7 spell levels left.
You didn't know any spells.
Your spell library contained the following spells:

 Spells                   Type           Power        Failure   Level  Hunger
 Pain                     Necr           #...         77%         1    ##.....
 Animate Skeleton         Necr           N/A          77%         1    ##.....
 Vampiric Draining        Necr           #.........   98%         3    ####...
 Sublimation of Blood     Necr           #.........   88%         2    ###....


Dungeon Overview and Level Annotations

Branches:
Dungeon (7/15)             Temple (0/1) D:6

Altars:
Cheibriados
Dithmenos
Hepliaklqana
Kikubaaqudgha
Sif Muna
Wu Jian
Yredelemnul
Zin


Innate Abilities, Weirdness & Mutations

You are too large for most types of armour.
You have claws for hands.
Your metabolism is lightning-fast.
You like to eat raw meat.
Your natural rate of healing is unusually fast.
You are covered in fur. (AC +1)
You have very tough skin. (AC +2)


Message History

The orc priest closely misses you.
You closely miss the orc priest.
The orc priest is severely wounded.
The orc priest closely misses you.
You hear Kikubaaqudgha cackling.
You smell decay.
The dead are walking!
A black bear skeleton comes into view.
You scratch the orc priest but do no damage.
The orc priest is severely wounded.
You are engulfed in dark miasma.
You are poisoned.
You feel yourself slow down.
* * * LOW HITPOINT WARNING * * *
x2 You feel sick.
Huge Dmg: -8%(-6hp) hp: 10%(7hp)
* * * LOW HITPOINT WARNING * * *
You feel sick.
The orc priest calls down the wrath of Beogh upon you.
Beogh smites you!
You die...

,****,*########.....,,***##* #
,,,,,,.....$..'....,,,+,,..* #
,**,,.........#...,,,,***#.* #
,**,..........##'#***** #.* #
,**,..........##.#########p######
,**,..........##.#..............'
,**,.........Z##.#.########.#####
,,+,..........o§.................
,**,.....%....##@#.########..####
,**,..........##.#....# #..#
,**,..........##.#....#####..####
,**,..........##.#....##.........
,**,..........##.#.#####.........
,,,,..##########.#.# #.........
****#,* #.#.#####.........
,,,,,.##########+#.....'.........
,,*,,..................#.........


You could see an orc priest and a black bear skeleton.

Vanquished Creatures
  Pikel (D:4)
  A sky beast (D:5)
  A slave (D:4)
  An ogre (D:6)
  2 scorpions
  An orc priest (D:3)
  An orc wizard (D:4)
  A bullfrog skeleton (D:2)
  2 hounds
  A jelly (D:6)
  2 iguanas (D:5)
  5 worker ants
  A sky beast zombie (D:5)
  A howler monkey skeleton (D:3)
  4 adders
  2 oozes
  An adder zombie (D:5)
  3 orc skeletons
  2 worms (D:2)
  4 dart slugs
  3 leopard geckos
  8 orcs
  6 bats
  5 giant cockroaches
  8 goblins
  9 hobgoblins
  10 jackals
  6 kobolds
  3 quokkas
  A ball python (D:1)
  5 frilled lizards
  2 frilled lizard skeletons
  A giant cockroach zombie (D:7)
  A jackal skeleton (D:3)
  A kobold skeleton (D:6)
  2 leopard gecko skeletons
  A quokka skeleton (D:4)
  5 rats
  A rat skeleton (D:2)
  A spectral orc (D:6)
116 creatures vanquished.

Notes
Turn   | Place    | Note
-------+----------+-------------------------------------------
     0 | D:1      | Lexodia the Troll Fighter began the quest for the Orb.
     0 | D:1      | Reached XP level 1. HP: 22/22 MP: 0/0
   150 | D:1      | Reached XP level 2. HP: 23/29 MP: 1/1
   168 | D:1      | Huge Dmg: 6 dmg
   273 | D:1      | Reached XP level 3. HP: 35/36 MP: 2/2
   615 | D:3      | Found a glowing silver altar of Zin.
   757 | D:3      | Found a faded altar of an unknown god.
   771 | D:3      | Huge Dmg: 7 dmg
   773 | D:3      | Became a worshipper of Kikubaaqudgha
   773 | D:3      | Reached * piety under Kikubaaqudgha
   773 | D:3      | Identified Kikubaaqudgha's Handbook of Stolen Souls (Kikubaaqudgha gifted it to you on level 3 of the Dungeon)
   773 | D:3      | Received a gift from Kikubaaqudgha
   777 | D:3      | Fell from the grace of Kikubaaqudgha
   935 | D:3      | Huge Dmg: 13 dmg
   942 | D:3      | Huge Dmg: 14 dmg
   942 | D:3      | Reached XP level 4. HP: 15/44 MP: 3/3
  1093 | D:5      | Entered Level 5 of the Dungeon
  1112 | D:5      | Noticed a sky beast
  1117 | D:5      | Huge Dmg: 9 dmg
  1121 | D:5      | Huge Dmg: 8 dmg
  1123 | D:5      | Killed a sky beast
  1123 | D:5      | Reached XP level 5. HP: 26/53 MP: 4/4
  1130 | D:5      | Huge Dmg: 11 dmg
  1162 | D:5      | Huge Dmg: 6 dmg
  1164 | D:5      | Huge Dmg: 5 dmg
  1184 | D:5      | Reached XP level 6. HP: 26/61 MP: 5/5
  1325 | D:6      | Found a deep blue altar of Sif Muna.
  1452 | D:6      | Reached XP level 7. HP: 54/67 MP: 6/6
  1585 | D:6      | Found a staircase to the Ecumenical Temple.
  1707 | D:6      | Found a basalt altar of Yredelemnul.
  1746 | D:6      | Huge Dmg: 32 dmg
  1747 | D:6      | Huge Dmg: 12 dmg
  1798 | D:6      | Found a snail-covered altar of Cheibriados.
  2003 | D:7      | Found an ornate altar of the Wu Jian Council.
  2010 | D:7      | Became a worshipper of the Wu Jian Council
  2407 | D:2      | Found a hazy altar of Hepliaklqana.
  2676 | D:2      | Huge Dmg: 32 dmg
  2677 | D:2      | Huge Dmg: 8 dmg
  2680 | D:2      | Huge Dmg: 5 dmg
  2681 | D:2      | Huge Dmg: 5 dmg
  2746 | D:2      | Found a shadowy altar of Dithmenos.
  3061 | D:4      | Huge Dmg: 14 dmg
  3151 | D:4      | Noticed Pikel
  3163 | D:4      | Huge Dmg: 11 dmg
  3164 | D:4      | Huge Dmg: 9 dmg
  3169 | D:4      | Killed Pikel
  3169 | D:4      | Reached skill level 5 in Shields
  3169 | D:4      | Reached skill level 5 in Unarmed Combat
  3169 | D:4      | Reached XP level 8. HP: 32/76 MP: 7/7
  3286 | D:4      | Reached * piety under Wu Jian
  3288 | D:4      | Huge Dmg: 11 dmg
  3289 | D:4      | Huge Dmg: 7 dmg
  3290 | D:4      | Huge Dmg: 13 dmg
  3297 | D:4      | Huge Dmg: 6 dmg
  3297 | D:4      | Killed from afar by an orc priest

Vault maps used:
D:1:      minmay_arrival_solitary_statue
D:2:      nicolae_overflow_crystal_walls, lemuel_doored_altar,
          serial_corexii_hall, corexii_hall_statues_t, corexii_hall_statues_x,
          kennysheep_boxes
D:3:      zin_statuary, chequers_ecumenical_altar_simple
D:4:      uniq_pikel
D:5:      nicolae_overflow_hidden_temple, vehumet_crystals, first_ration,
          uniq_blork_the_orc
D:6:      lemuel_crystal_altar, kennysheep_slug_shrine,
          yredelemnul_forgotten_temple_becter, minmay_temple_entry_junction
D:7:      okawaru_gym_becter, old_standard_altar, old_standard_altar,
          grunt_ogre_cave, kennysheep_generic_room_16

Skill      XL: |  1  2  3  4  5  6  7  8 |
---------------+-------------------------+-----
Shields        | 3 4 5 |  5.3
Unarmed Combat | 3 4 5 |  5.8
Fighting       | 3 4 |  4.0
Dodging        | 3 4 |  4.0

Action                   |  1- 3 |  4- 6 |  7- 9 || total
-------------------------+-------+-------+-------++-------
Melee: Unarmed           |    97 |    88 |   154 ||   339
Invok: Renounce Religion |     1 |       |       ||     1
       Lunge             |       |       |     7 ||     7
  Use: Scroll            |       |     8 |     4 ||    12
 Stab: Distracted        |       |       |     1 ||     1
  Eat: Chunk             |     3 |    13 |    15 ||    31
       Ration            |     1 |       |       ||     1
Armor: Robe              |    29 |    17 |    39 ||    85
Dodge: Dodged            |    30 |    15 |    39 ||    84
Block: Shield            |    44 |    40 |    67 ||   151

Table legend:
 A = Spawn XP
 B = Non-spawn XP
 C = Spawn XP percentage of total XP
 D = Spawn monster count
 E = Non-spawn monster count
 F = Spawn count percentage of total count
 G = Total turns spent on level
                    A         B        C        D         E        F      G
               +---------+---------+-------+---------+---------+-------+---------
         Total |       0 |    1639 |   0.0 |       0 |     101 |   0.0 |  3297
               +---------+---------+-------+---------+---------+-------+---------
           D:1 |       0 |      42 |   0.0 |       0 |      21 |   0.0 |   616
           D:2 |       0 |      66 |   0.0 |       0 |      24 |   0.0 |   752
           D:3 |       0 |      69 |   0.0 |       0 |      13 |   0.0 |   508
           D:4 |       0 |     727 |   0.0 |       0 |      11 |   0.0 |   421
           D:5 |       0 |     428 |   0.0 |       0 |      22 |   0.0 |   241
           D:6 |       0 |     275 |   0.0 |       0 |       9 |   0.0 |   660
           D:7 |       0 |      32 |   0.0 |       0 |       1 |   0.0 |    99
               +---------+---------+-------+---------+---------+-------+---------
